 Dungeon Crawl Stone Soup version 0.31-a0-1204-ge2c1a860ed (webtiles) character file.

Game seed: 11887840794024062578

21 Curundu the Poker (level 2, 0/25 HPs)
             Began as a Merfolk Berserker on Dec 12, 2023.
             Was a Believer of Trog.
             Slain by a hobgoblin (3 damage)
             ... on level 1 of the Dungeon.
             The game lasted 00:02:46 (651 turns).

Curundu the Poker (Merfolk Berserker)                Turns: 651, Time: 00:02:46

Health: 0/25       AC:  2    Str: 17    XL:     2   Next: 87%
Magic:  2/2        EV: 13    Int:  6    God:    Trog [**....]
Gold:   71         SH:  0    Dex: 13    Spells: 1/1 levels left

rFire   . . .        a - +0 spear
rCold   . . .        (no shield)
rNeg    . . .        b - +0 animal skin
rPois   .            (no helmet)
rElec   .            (no cloak)
rCorr   .            (no gloves)
SInv    .            (no boots)
Will    .....        (no amulet)
Stlth   +            (no ring)
HPRegen 0.24/turn    (no ring)
MPRegen 0.08/turn

%: no passive effects
@: no status effects
A: (nimble swimmer 2), mertail
a: Renounce Religion, Berserk, Trog's Hand


You were on level 1 of the Dungeon.
You worshipped Trog.
Trog was pleased with you.
You visited 1 branch of the dungeon, and saw 1 of its levels.

You collected 71 gold pieces.

Inventory:

Hand Weapons
 a - a +0 spear (weapon)
Missiles
 c - 2 poisoned darts (quivered)
Armour
 b - a +0 animal skin (worn)
Jewellery
 e - an amulet of guardian spirit
Scrolls
 f - 3 scrolls of identify {unknown}
 h - a scroll of enchant armour {unknown}
Potions
 d - a potion of enlightenment {unknown}
 g - a potion of resistance {unknown}


   Skills:
 + Level 3.6 Fighting
 + Level 4.5 Polearms
 + Level 1.4 Armour
 + Level 3.3 Dodging


You had one spell level left.
You didn't know any spells.
Your spell library was empty.

Dungeon Overview and Level Annotations

Branches:
Dungeon (1/15)

Altars:


Innate Abilities, Weirdness & Mutations

((You are very nimble when in or above water. (Stealth+, EV+, Speed+++)))
Your lower body shifts to a powerful aquatic tail in water.


Message History

You barely miss the hobgoblin.
The hobgoblin is severely wounded.
The hobgoblin barely misses you.
You barely miss the hobgoblin.
The hobgoblin is severely wounded.
The hobgoblin barely misses you.
You closely miss the hobgoblin.
The hobgoblin is severely wounded.
The hobgoblin hits you but does no damage.
You hit the hobgoblin.
You kill the hobgoblin!
Trog accepts your kill.
You closely miss the goblin. You closely miss the goblin.
The goblin barely misses you.
You closely miss the goblin. The goblin hits you with a +0 club.
* * * LOW HITPOINT WARNING * * *
You closely miss the goblin. The goblin closely misses you.
You barely miss the goblin. The goblin closely misses you.
You barely miss the goblin. The goblin hits you with a +0 club.
* * * LOW HITPOINT WARNING * * *
You hit the goblin.
You kill the goblin!
Trog accepts your kill.
You barely miss the goblin. The goblin barely misses you.
You hit the goblin but do no damage. The goblin barely misses you.
You hit the goblin but do no damage. The goblin closely misses you.
You completely miss the goblin. The goblin misses you.
You puncture the goblin!
You kill the goblin!
Trog accepts your kill.
You can now call upon Trog for regeneration and willpower.
You closely miss the hobgoblin. The hobgoblin misses you.
You hit the hobgoblin.
The hobgoblin is heavily wounded.
The hobgoblin hits you.
* * * LOW HITPOINT WARNING * * *
You barely miss the hobgoblin.
The hobgoblin is heavily wounded.
The hobgoblin hits you.
You die...

# #.# #.#.# # #.#
.#.# # # #.# .#.#.#
# # #.# ##.#.#.#.#
### #.# #+#
##.#.#.#.# ..# #.#
###.####........ ..#
#.#
#g...g.g#.#.#.#.#.
..# #.#
#g#.......g.......
..# #.#
#@####..#.#.#.#.#.
..# #.# #.#
#.......... ..# #.#
#.# #..#.#.#.#.# ###
#.# #.#
###..........
##########.#####'###
##.#.#.#.#.
........##.#.......#
..........
........##.........#
#.#.#.#.#.
........##....#.#..#
..#
........##..#......#
###.#


You could see a hobgoblin and a goblin.

Vanquished Creatures
  A giant cockroach (D:1)
  5 goblins (D:1)
  3 hobgoblins (D:1)
  4 bats (D:1)
  2 frilled lizards (D:1)
  2 kobolds (D:1)
  3 rats (D:1)
  A spectral hobgoblin (D:1)
21 creatures vanquished.

Notes
Turn   | Place    | Note
-------+----------+-------------------------------------------
     0 | D:1      | Curundu the Merfolk Berserker began the quest for the Orb.
     0 | D:1      | Reached XP level 1. HP: 18/18 MP: 1/1
   154 | D:1      | Reached XP level 2. HP: 24/24 MP: 2/2
   232 | D:1      | Found a faded altar of an unknown god.
   648 | D:1      | Reached ** piety under Trog
   651 | D:1      | Slain by a hobgoblin

Illustrated notes

Levels and vault maps discovered:
D:1:      lightli_iron_boxes, layout_basic,
          dreamdust_ecumenical_altar_drowned_temple, nrook_mini_vaults,
          st_stairs_11, glass_columns_a, minmay_misc_feat_nine_boxes

Skill      XL: |  1 |
---------------+----+-----
Dodging        | 3 |  3.3
Fighting       | |  3.6
Polearms       | |  4.5
Armour         | |  1.4

Action                     || total
---------------------------++-------
  Melee: Spear             ||    81
         Punch             ||     1
  Throw: Dart              ||     3
 Armour: Animal skin       ||    43
  Dodge: Dodged            ||    51

Table legend: (Time is in decaauts)
 A = Elapsed time spent in this place.
 B = Non-inter-level travel time spent in this place.
 C = Inter-level travel time spent in this place.
 D = Time resting spent in this place.
 E = Time spent auto-exploring this place.
 F = Levels seen in this place.
 G = Mean time per level.
                   A        B        C        D        E       F      G
               +--------+--------+--------+--------+--------+-----+--------+
         Total |    633 |    633 |      0 |      0 |    427 |   1 |  633.0 |
       Dungeon |    633 |    633 |      0 |      0 |    427 |   1 |  633.0 |
               +--------+--------+--------+--------+--------+-----+--------+

Top non-repeatable levels by time:
     D:1: 633 daAuts
